AoeStats
← PAYLOTO

Black Forest

510544916Analyzed
4v4 RM · 2d ago on Oct 1, 2026· 36m 0s· 8 players
Game mode
Random Map
Map size
Large (8 player)
Population
200
Speed
Normal
Resources
Standard
Victory
Conquest
Starting age
Dark Age
Ending age
Imperial Age
RankedLock teamsTeams togetherTeam positionsShared explorationLock speedFull tech treeHidden civsTurbo modeCheats
Victory
Defeat
🇪🇨 Turks · Ecuador
1454
+14
🇳🇱 Persians · Netherlands
1448
+15
🇮🇳 Lithuanians · India
1412
+16
🇨🇦 Turks · Canada
1408
+16
🇨🇳 Franks · China
1431
-16
🇨🇳 Shu · China
1429
-16
🇨🇳 Saracens · China
1417
-15
1379
-14
大手
12:35 Feudal Age
16:47 Castle Age
14:36 Double-Bit Axe
18:58 Bow Saw
21:34 Wheelbarrow
23:13 Loom
23:14 Town Watch
23:45 Hand Cart
23:38 Gold Mining
24:39 Scale Barding Armor
29:08 Gold Shaft Mining
31:45 Imperial Age
29:43 Husbandry
29:56 Forging
29:41 Stone Mining
31:31 Chain Barding Armor
32:19 Iron Casting
32:02 Cavalier
33:20 Plate Barding Armor
33:33 Paladin
聂灭知北
4:35 Loom
12:50 Feudal Age
13:42 Double-Bit Axe
16:43 Castle Age
14:45 Horse Collar
18:44 Bow Saw
18:37 Heavy Plow
24:46 Wheelbarrow
26:33 Hand Cart
26:21 Stone Mining
26:40 Gold Mining
26:38 Town Watch
31:11 Imperial Age
29:28 Bimaristan
29:28 Scale Barding Armor
29:34 Forging
31:40 Chain Barding Armor
31:56 Iron Casting
31:14 Elite Mameluke
32:16 Conscription
31:30 Capped Ram
32:27 Bloodlines
32:18 Husbandry
33:47 Plate Barding Armor
35:48 Blast Furnace
PAYLOTO
6:43 Loom
11:17 Feudal Age
12:46 Double-Bit Axe
14:39 Horse Collar
21:09 Castle Age
19:27 Gold Mining
20:56 Stone Mining
22:19 Bow Saw
22:34 Heavy Plow
23:55 Gold Shaft Mining
24:20 Wheelbarrow
26:29 Town Watch
32:30 Imperial Age
30:12 Fletching
30:53 Crossbowman
31:39 Thumb Ring
31:30 Bodkin Arrow
31:48 Masonry
32:35 Padded Archer Armor
32:40 Coiled Serpent Array
33:48 Conscription
33:16 Arbalester
33:57 Bracer
35:15 Chemistry
35:52 Architecture
漠北万丈孤烟长河落日圆
0:44 Loom
10:38 Feudal Age
11:28 Double-Bit Axe
22:23 Castle Age
LogsandBoats
10:47 Feudal Age
14:26 Castle Age
12:34 Double-Bit Axe
12:30 Horse Collar
13:57 Fishing Lines
16:18 Bow Saw
22:47 Wheelbarrow
22:15 Heavy Plow
23:41 Hand Cart
24:33 Loom
25:02 Scale Barding Armor
27:49 Imperial Age
26:12 Chain Barding Armor
25:52 Gold Mining
26:02 Town Watch
26:28 Forging
26:25 Gillnets
27:56 Town Patrol
28:42 Gold Shaft Mining
28:20 Bloodlines
28:11 Husbandry
27:35 Cavalier
28:28 Caravan
29:37 Plate Barding Armor
30:39 Chemistry
30:30 Iron Casting
30:21 Savar
32:40 Blast Furnace
34:03 Fletching
34:46 Crop Rotation
36:40 Two-Man Saw
AlzzStriker
12:37 Feudal Age
15:52 Castle Age
14:04 Double-Bit Axe
16:56 Fishing Lines
18:07 Bow Saw
19:31 Stone Mining
23:51 Gillnets
24:48 Horse Collar
26:51 Wheelbarrow
26:02 Loom
27:13 Gold Mining
27:30 Heavy Plow
31:11 Imperial Age
29:14 Hand Cart
29:33 Padded Archer Armor
29:24 Fletching
30:04 Ballistics
29:26 Treadmill Crane
29:48 Town Watch
30:58 Masonry
31:08 Leather Archer Armor
30:48 Bodkin Arrow
31:52 Artillery
32:07 Elite Janissary
33:08 Conscription
33:51 Hoardings
34:40 Ring Archer Armor
[ECU] QUITUS
0:32 Loom
10:42 Feudal Age
14:33 Castle Age
24:02 Horse Collar
25:01 Double-Bit Axe
26:57 Gold Mining
28:15 Stone Mining
29:20 Bow Saw
29:54 Heavy Plow
31:38 Padded Archer Armor
34:04 Wheelbarrow
37:20 Imperial Age
35:11 Leather Archer Armor
36:15 Hand Cart
Kritika
5:57 Loom
9:18 Feudal Age
9:21 Man-at-Arms
12:01 Double-Bit Axe
20:43 Castle Age
19:24 Horse Collar
19:34 Gold Mining
19:36 Stone Mining
21:42 Bow Saw
22:54 Wheelbarrow
22:26 Heavy Plow
23:11 Town Watch
31:55 Imperial Age
29:51 Scale Barding Armor
30:24 Forging
30:53 Bloodlines
30:43 Husbandry
31:39 Chain Barding Armor
33:31 Plate Barding Armor
33:32 Iron Casting
33:47 Conscription
34:19 Hand Cart
35:47 Elite Leitis
Connection lost

Rejoining the realm…

Still unreachable

The connection could not be restored.

Session expired

The server has moved on; the page needs a fresh start.